 Dungeon Crawl Stone Soup version 0.30-a0-782-ge64f9170bb (webtiles) character file.

Game seed: 6320189092810478309

22523 mopl the Jinx (level 12, -13/59 HPs)
             Began as a Deep Elf Enchanter on Mar 6, 2023.
             Was an Elder of Dithmenos.
             Killed from afar by a bog body (28 damage)
             ... with a bolt of cold
             ... on level 3 of the Lair of Beasts.
             The game lasted 00:25:06 (10561 turns).

mopl the Jinx (Deep Elf Enchanter)                 Turns: 10561, Time: 00:25:06

Health: -13/59     AC:  7    Str:  5    XL:     12   Next: 63%
Magic:  28/28      EV: 12    Int: 26    God:    Dithmenos [****..]
Gold:   178        SH:  6    Dex: 21    Spells: 14/31 levels left

rFire   + . .      SeeInvis .    b - +2 dagger (venom)
rCold   . . .      Faith    .    Q - +0 buckler
rNeg    . . .      Spirit   .    J - +2 robe {rF+}
rPois   .          Reflect  .    e - +2 hat
rElec   .          Harm     .    (no cloak)
rCorr   +          Rampage  .    j - +0 pair of gloves {Stlth+}
Will    +....                    (no boots)
Stlth   +++++++++                (no amulet)
HPRegen 0.29/turn                K - ring of resist corrosion
MPRegen 0.21/turn                P - +6 ring of dexterity

@: wreathed by umbra
A: no striking features
a: Renounce Religion, Shadow Step


You were on level 3 of the Lair of Beasts.
You worshipped Dithmenos.
Dithmenos was greatly pleased with you.
You visited 2 branches of the dungeon, and saw 12 of its levels.

You collected 606 gold pieces.
You spent 428 gold pieces at shops.

Inventory:

Hand Weapons
 a - a +2 dagger of draining
 b - a +2 dagger of venom (weapon)
 t - the +7 rapier of Cowardice {pain, rC++ rN+ Stlth+}
   (You found it on level 8 of the Dungeon)

   rC:        It greatly protects you from cold.
   rN:        It protects you from negative energy.
   Stlth:     It makes you more stealthy.
 N - a +2 hand axe of flaming
Missiles
 k - 4 boomerangs
 y - 28 poisoned darts
 z - 3 javelins
 A - a throwing net
 S - 3 curare-tipped darts
Armour
 e - a +2 hat (worn)
 j - a +0 pair of gloves of stealth (worn)
 w - the +1 pair of gloves of Wrong Decisions {Regen+}
   (You found it on level 3 of the Dungeon)

   Regen:     It increases your rate of health regeneration.
 G - a +0 robe of cold resistance
 J - a +2 robe of fire resistance (worn)
 Q - a +0 buckler (worn)
Jewellery
 K - a ring of resist corrosion (left hand)
 P - a +6 ring of dexterity (right hand)
Wands
 x - a wand of roots (24)
 C - a wand of flame (27)
 H - a wand of light (12)
 O - a wand of paralysis (5)
Scrolls
 f - 11 scrolls of teleportation
 h - 3 scrolls of identify
 i - 3 scrolls of brand weapon {unknown}
 l - 2 scrolls of fear
 n - 4 scrolls of enchant weapon {unknown}
 p - 2 scrolls of poison {unknown}
 q - 2 scrolls of vulnerability {unknown}
 s - 3 scrolls of blinking
 u - 4 scrolls of fog
 D - a scroll of butterflies {unknown}
 E - a scroll of immolation {unknown}
 F - 3 scrolls of acquirement {unknown}
 I - a scroll of enchant armour {unknown}
 R - 4 scrolls of magic mapping {unknown}
Potions
 c - 2 potions of invisibility
 d - 4 potions of resistance
 g - 2 potions of haste
 m - 6 potions of lignification {!q}
 o - 5 potions of ambrosia
 r - 6 potions of heal wounds
 v - 6 potions of curing
 B - a potion of cancellation
 L - 2 potions of might
 M - a potion of magic
 T - 2 potions of brilliance
 U - a potion of berserk rage {!q}


   Skills:
 + Level 8.6 Short Blades
 - Level 2.4 Dodging
 + Level 11.7 Stealth
 + Level 4.7 Shields
 - Level 10.0 Spellcasting
 - Level 3.0 Conjurations
 + Level 11.7 Hexes
 + Level 4.9 Translocations
 - Level 3.0 Poison Magic
 + Level 8.4 Invocations
 + Level 8.4 Evocations


You had 14 spell levels left.
You knew the following spells:

 Your Spells              Type           Power      Damage    Failure   Level
a - Confusing Touch       Hex            65%        N/A       1%          3
b - Ensorcelled Hibernat  Hex/Ice        86%        N/A       1%          2
c - Mephitic Cloud        Conj/Pois/Air  23%        N/A       8%          3
d - Tukima's Dance        Hex            65%        N/A       1%          3
f - Dazzling Flash        Conj/Hex       100%       N/A       1%          3
t - Teleport Other        Tloc           38%        N/A       2%          3

Your spell library contained the following spells:

 Spells                   Type           Power      Damage    Failure   Level
 Apportation              Tloc           76%        N/A       1%          1
 Magic Dart               Conj           100%       1d8       1%          1
 Lesser Beckoning         Tloc           76%        N/A       1%          2
 Summon Guardian Golem    Hex/Summ       43%        N/A       1%          3
 Gell's Gravitas          Tloc           38%        N/A       2%          3
 Static Discharge         Conj/Air       40%        2-4/arc   4%          2
 Necrotise                Necr           52%        1d6       6%          1
 Summon Small Mammal      Summ           52%        N/A       6%          1
 Vhi's Electric Charge    Tloc/Air       50%        N/A       6%          3
 Call Imp                 Summ           13%        N/A       9%          2
 Ignite Poison            Fire/Tmut/Pois 18%        N/A       12%         3
 Call Canine Familiar     Summ           13%        N/A       17%         3
 Sticky Flame             Conj/Fire      20%        2d4       30%         4
 Arcjolt                  Conj/Air       10%        1d20      65%         5
 Lightning Bolt           Conj/Air       10%        1d23      65%         5
 Ignition                 Fire           6%         3d4       100%        8


Dungeon Overview and Level Annotations

Branches:
Dungeon (9/15)             Temple (0/1) D:5            Lair (3/5) D:8
  Swamp (0/4) Lair:3       Spider (0/4) Lair:2
    Orc: D:9-12

Altars:
Dithmenos
Elyvilon
Gozag
Makhleb
Okawaru
Qazlal
Sif Muna
Trog
Uskayaw
Xom
The Shining One

Shops:
D:2 *   D:5 =[?[

Annotations:
Lair:3 exclusions: elephant and hydra


Message History

You feel strangely unstable. The ice encasing you melts away.
A black mamba comes into view.
The helpless black mamba fails to defend itself.
You perforate the black mamba like a sieve!!!!
You kill the black mamba!
Dithmenos accepts your kill. The black mamba closely misses you.
Aiming: Paralyse
Press: ? - help, Shift-Dir - straight line, f - black mamba
Aim: a black mamba (umbra, chance to affect: 68%)
Okay, then.
Casting: Ensorcelled Hibernation (safe; 1% risk of failure)
Confirm with . or Enter, or press ? or * to list all spells.
Aiming: Ensorcelled Hibernation (safe; 1% risk of failure)
Press: ? - help, Shift-Dir - straight line, f - black mamba
Aim: a black mamba (umbra, chance to affect: 67%)
The black mamba looks drowsy...
Your surroundings suddenly seem different.
You start resting.
You feel yourself speed up.
You start resting.
Magic restored.
You start resting.
HP restored.
You open the door.
There is an open door here.
A bog body comes into view.
Found a staircase to the Swamp.
You enter the shallow water.
Moving in this stuff is going to be slow.
The bog body points at you and mumbles some strange words.
The bolt of cold hits you!! The bog body casts a spell at you.
The bolt of cold hits you!!
* * * LOW HITPOINT WARNING * * *
You emit a cloud of dark smoke.
The bog body gestures at you while chanting.
The bolt of cold hits you!!
You die...

.##...#.8.8.##..###
####...........## .#
#...........###### .#
#.#.......##.#..### ##
#...#.#...#...§§§.# P#
#.......###..§§§ ##
#......## #.~§♣§♣..# #
###..### #§°§§n§.# #
##...#####@♣§§~~.# #
.#.#..#.#.#.§§§♣§~§..#
#
#..............§....##
##.#..#.P.##........#
#.##.#########.##### #
## ##


You could see a bog body.

Vanquished Creatures
  Gastronok (Lair:2)
  3 hydras
  A boulder beetle (D:9)
  2 two-headed ogres
  Nergalle (Lair:2)
  3 skysharks
  3 black mambas
  An elephant (Lair:3)
  Joseph (D:8)
  10 cane toads
  2 rime drakes
  6 komodo dragons
  4 blink frogs (Lair:2)
  7 dream sheep
  2 jumping spiders (Lair:2)
  A shadow (D:9)
  3 wyverns
  A steam dragon (Lair:2)
  2 redbacks (Lair:2)
  3 wargs (D:8)
  2 acid dragons (D:8)
  11 water moccasins
  3 orc warriors
  3 black bears
  3 sky beasts
  An ice beast (D:8)
  An ogre (D:5)
  3 centaurs
  6 bullfrogs
  4 kobold brigands
  4 scorpions
  6 wights
  17 killer bees
  3 hounds
  3 jellies
  An orc priest (D:8)
  An iguana (D:5)
  A gnoll bouda (D:4)
  8 orc wizards
  6 adders
  8 gnolls (D:4)
  2 white imps
  An ufetubus (D:7)
  4 dart slugs
  17 orcs
  10 ball pythons
  4 endoplasms
  4 giant cockroaches
  7 goblins
  9 hobgoblins
  4 quokkas
  4 bats
  2 frilled lizards
  22 kobolds
  6 rats
248 creatures vanquished.

Vanquished Creatures (collateral kills)
  10 wights
10 creatures vanquished.

Vanquished Creatures (others)
  4 dancing weapons
  An orc wizard (D:8)
  12 fungi
  21 plants
38 creatures vanquished.

Grand Total: 296 creatures vanquished

Notes
Turn   | Place    | Note
-------+----------+-------------------------------------------
     0 | D:1      | mopl the Deep Elf Enchanter began the quest for the Orb.
     0 | D:1      | Reached XP level 1. HP: 10/10 MP: 6/6
   115 | D:1      | Reached XP level 2. HP: 6/12 MP: 8/8
   122 | D:1      | Learned a level 2 spell: Ensorcelled Hibernation
   335 | D:1      | Reached skill level 4 in Stealth
   815 | D:1      | Reached XP level 3. HP: 19/19 MP: 10/10
   819 | D:1      | Learned a level 3 spell: Tukima's Dance
   823 | D:1      | Learned a level 3 spell: Confusing Touch
   923 | D:2      | Found Kas Piyt's General Store.
  1007 | D:2      | Bought a scroll of noise for 13 gold pieces
  1392 | D:3      | Reached skill level 2 in Short Blades
  1599 | D:3      | Reached skill level 4 in Spellcasting
  1599 | D:3      | Reached XP level 4. HP: 24/24 MP: 12/12
  1890 | D:3      | Identified the +1 pair of gloves of Wrong Decisions
                  | {Regen+}
  2006 | D:4      | Found an opulent altar of Gozag.
  2010 | D:4      | Noticed a black bear
  2016 | D:4      | Killed a black bear
  2017 | D:4      | Reached skill level 5 in Stealth
  2017 | D:4      | Reached skill level 5 in Hexes
  2017 | D:4      | Reached XP level 5. HP: 28/28 MP: 10/13
  2154 | D:4      | Reached skill level 3 in Short Blades
  2212 | D:4      | Reached XP level 6. HP: 25/32 MP: 9/15
  2219 | D:4      | Reached skill level 5 in Spellcasting
  2242 | D:4      | Learned a level 3 spell: Dazzling Flash
  2603 | D:4      | Noticed a sky beast
  2611 | D:4      | Killed a sky beast
  2612 | D:4      | Reached skill level 6 in Hexes
  2621 | D:4      | Found a shadowy altar of Dithmenos.
  2635 | D:4      | Became a worshipper of Dithmenos the Shadowed
  2670 | D:4      | Found a glowing golden altar of the Shining One.
  2754 | D:4      | Reached skill level 6 in Stealth
  2754 | D:4      | Reached XP level 7. HP: 34/36 MP: 12/17
  2878 | D:5      | Entered Level 5 of the Dungeon
  2878 | D:5      | Found Ucyterch's Antique Armour Boutique.
  2886 | D:5      | Reached skill level 1 in Invocations
  2890 | D:5      | Reached skill level 1 in Evocations
  2954 | D:5      | Found Muaxt's Jewellery Shop.
  3001 | D:5      | Reached skill level 4 in Short Blades
  3001 | D:5      | Reached skill level 6 in Spellcasting
  3024 | D:5      | Found a staircase to the Ecumenical Temple.
  3051 | D:5      | Found Qyustoj's Magic Scroll Emporium.
  3057 | D:5      | Bought a scroll of fear for 56 gold pieces
  3144 | D:2      | Bought a scroll of fog for 52 gold pieces
  3203 | D:5      | Found Tigul's Antique Armour Emporium.
  3352 | D:5      | Reached skill level 2 in Invocations
  3355 | D:5      | Reached skill level 2 in Evocations
  3433 | D:5      | Reached XP level 8. HP: 28/41 MP: 12/19
  3483 | D:5      | Reached skill level 7 in Hexes
  3621 | D:6      | Found a white marble altar of Elyvilon.
  3759 | D:2      | Bought a potion of ambrosia for 104 gold pieces
  3853 | D:6      | Identified the +2 scale mail of Irasch {Harm Will++ Dex+2}
  3873 | D:6      | Found a burning altar of Makhleb.
  4115 | D:6      | Reached skill level 7 in Stealth
  4489 | D:7      | Reached skill level 3 in Invocations
  4489 | D:7      | Reached skill level 3 in Evocations
  4585 | D:7      | Reached skill level 7 in Spellcasting
  4632 | D:7      | Reached * piety under Dithmenos
  4635 | D:7      | Reached skill level 5 in Short Blades
  4741 | D:7      | Reached XP level 9. HP: 24/45 MP: 12/22
  4799 | D:7      | Learned a level 3 spell: Mephitic Cloud
  5050 | D:7      | Reached skill level 8 in Hexes
  5050 | D:7      | Reached skill level 4 in Invocations
  5373 | D:5      | Bought a scroll of teleportation for 42 gold pieces
  5412 | D:8      | Reached skill level 4 in Evocations
  5516 | D:8      | Reached skill level 1 in Poison Magic
  5528 | D:8      | You fall into a shaft and drop 1 floor!
  5530 | D:9      | Found a hide-covered altar of Uskayaw.
  5541 | D:9      | Found a stormy altar of Qazlal.
  5558 | D:9      | Reached skill level 1 in Conjurations
  5635 | D:9      | Reached skill level 8 in Stealth
  5895 | D:9      | Reached skill level 8 in Spellcasting
  5895 | D:9      | Reached skill level 2 in Conjurations
  5895 | D:9      | Reached skill level 2 in Poison Magic
  5976 | D:9      | Noticed a two-headed ogre
  6012 | D:9      | Killed a two-headed ogre
  6037 | D:9      | Reached skill level 5 in Invocations
  6037 | D:9      | Reached skill level 5 in Evocations
  6068 | D:9      | Found a shimmering blue altar of Sif Muna.
  6100 | D:9      | Reached ** piety under Dithmenos
  6328 | D:9      | Reached skill level 6 in Short Blades
  6328 | D:9      | Reached XP level 10. HP: 50/50 MP: 24/24
  6352 | D:9      | Reached skill level 3 in Conjurations
  6352 | D:9      | Reached skill level 3 in Poison Magic
  6364 | D:9      | Reached skill level 9 in Hexes
  6526 | D:9      | Noticed a boulder beetle
  6530 | D:9      | Killed a boulder beetle
  6531 | D:9      | Reached skill level 9 in Stealth
  6619 | D:9      | Reached skill level 1 in Shields
  6673 | D:8      | Noticed a two-headed ogre
  6675 | D:8      | Killed a two-headed ogre
  6676 | D:8      | Reached skill level 9 in Spellcasting
  6739 | D:8      | Reached skill level 6 in Invocations
  6739 | D:8      | Reached skill level 6 in Evocations
  7026 | D:8      | Noticed Joseph
  7031 | D:8      | Killed Joseph
  7032 | D:8      | Reached skill level 2 in Shields
  7095 | D:8      | Found a staircase to the Lair.
  7269 | D:8      | Found a bloodstained altar of Trog.
  7269 | D:8      | Found an iron altar of Okawaru.
  7322 | D:8      | Reached XP level 11. HP: 54/54 MP: 26/26
  7353 | D:8      | Reached *** piety under Dithmenos
  7386 | D:8      | Identified the +7 rapier of Cowardice {pain, rC++ rN+
                  | Stlth+}
  7574 | D:8      | Found a shimmering altar of Xom.
  7621 | Lair:1   | Entered Level 1 of the Lair of Beasts
  7715 | D:5      | Bought a scroll of blinking for 105 gold pieces
  7715 | D:5      | Bought a scroll of amnesia for 56 gold pieces
  7867 | Lair:1   | Reached skill level 10 in Hexes
  7934 | Lair:1   | Reached skill level 7 in Short Blades
  8095 | Lair:1   | Reached skill level 10 in Stealth
  8445 | Lair:1   | Learned a level 3 spell: Teleport Other
  8451 | Lair:2   | Noticed Gastronok
  8465 | Lair:2   | Killed Gastronok
  8466 | Lair:2   | Reached skill level 10 in Spellcasting
  8466 | Lair:2   | Reached skill level 1 in Translocations
  8468 | Lair:2   | Reached skill level 3 in Shields
  8601 | Lair:2   | Noticed a skyshark
  8616 | Lair:2   | Killed a skyshark
  8617 | Lair:2   | Reached skill level 7 in Invocations
  8617 | Lair:2   | Reached skill level 7 in Evocations
  8651 | Lair:2   | Noticed a skyshark
  8656 | Lair:2   | Killed a skyshark
  8657 | Lair:2   | Reached skill level 2 in Translocations
  8664 | Lair:2   | Noticed a four-headed hydra
  8687 | Lair:2   | Noticed an eight-headed hydra
  8697 | Lair:1   | Killed a four-headed hydra
  8788 | Lair:2   | Killed an eight-headed hydra
  8789 | Lair:2   | Reached skill level 3 in Translocations
  8844 | Lair:2   | Reached skill level 11 in Hexes
  8854 | Lair:2   | Noticed a catoblepas
  8896 | Lair:2   | Found a hole to the Spider Nest.
  8899 | Lair:2   | Reached XP level 12. HP: 59/59 MP: 26/28
  8912 | Lair:2   | Reached skill level 11 in Stealth
  9053 | Lair:2   | Reached skill level 8 in Short Blades
  9053 | Lair:2   | Reached skill level 4 in Shields
  9398 | Lair:2   | Noticed Nergalle
  9405 | Lair:2   | Killed Nergalle
  9766 | Lair:2   | Reached skill level 4 in Translocations
  9766 | Lair:2   | Reached skill level 8 in Invocations
  9882 | Lair:3   | Reached **** piety under Dithmenos
  9883 | Lair:3   | Reached skill level 8 in Evocations
  9931 | Lair:3   | Noticed a four-headed hydra
 10265 | Lair:3   | Noticed a four-headed hydra
 10348 | Lair:3   | Killed a four-headed hydra
 10557 | Lair:3   | Found a staircase to the Swamp.
 10561 | Lair:3   | Killed from afar by a bog body

Illustrated notes

Levels and vault maps discovered:
D:1:      dreamdust_arrival_sigmund_warning, layout_loops_ring, eino_curves_01
D:2:      layout_rooms, serial_shops, nicolae_shop_stone
D:3:      layout_basic
D:4:      layout_basic, overflow_temple_1_default, tso_altar,
          nicolae_dithmenos_shadow_blocks, hex_tiny
D:5:      layout_rooms, minmay_temple_entry_sparse_star, serial_shops, shop,
          shop, nicolae_square_shop, shop, st_stairs_11
D:6:      layout_basic, lemuel_crystal_altar, bloody_makhleb
D:7:      layout_gridville, serial_rivers, chequers_serial_rivers_micro_b,
          chequers_serial_rivers_micro_c, chequers_serial_rivers_small_a,
          chequers_serial_rivers_room_b, chequers_serial_rivers_room_a,
          chequers_serial_rivers_micro_a, grunt_ministairs_14
D:8:      layout_cave_pools, grunt_temple_overflow_bloody_war,
          lemuel_coloured_pillars_altar, erik_lair_orcish_takeover,
          minmay_increasing_density, uniq_joseph
D:9:      wad_cavern_with_rooms, layout_basic, grunt_qazlal_clouds,
          mainiacjoe_overflow_catch_the_wave
Lair:1:   layout_gridlike
Lair:2:   layout_chaotic_city, spider_nest_entry_funnel_web, grunt_megastairs_3,
          infiniplex_staircase_pool, uniq_gastronok, uniq_nergalle
Lair:3:   nzn_winding_woodlands_small [nzn_winding_woodlands_5x15_eye,
          nzn_winding_woodlands_center_pierced_h,
          nzn_winding_woodlands_5x15_garden], layout_loops_ring,
          skrybe_swamp_entry_bodies, grunt_megastairs_2

Skill      XL: |  1  2  3  4  5  6  7  8  9 10 11 12 |
---------------+-------------------------------------+-----
Stealth        | 4 5 6 7 8 9 10 11 | 11.7
Short Blades   | 2 3 4 5 6 7 8 |  8.6
Spellcasting   | 4 5 6 7 8 9 10 | 10.0
Hexes          | 5 6 7 8 9 11 | 11.7
Invocations    | 2 3 5 6 7 8 |  8.4
Evocations     | 2 3 5 6 7 8 |  8.4
Poison Magic   | 2 3 |  3.0
Conjurations   | 2 3 |  3.0
Shields        | 2 3 4 |  4.7
Translocations | 3 4 |  4.9
Dodging        | |  2.4

Action                     |  1- 3 |  4- 6 |  7- 9 | 10-12 || total
---------------------------+-------+-------+-------+-------++-------
  Melee: Dagger            |   114 |    77 |   183 |   166 ||   540
         Punch             |     1 |       |       |       ||     1
  Throw: Boomerang         |       |     2 |       |       ||     2
         Dart              |       |       |       |     2 ||     2
   Cast: Ensorcelled Hiber |     9 |    15 |    31 |    93 ||   148
         Tukima's Dance    |       |     3 |    13 |     8 ||    24
         Confusing Touch   |       |       |     5 |    10 ||    15
         Mephitic Cloud    |       |       |       |     2 ||     2
  Evoke: Wand              |       |       |       |     2 ||     2
    Use: Scroll            |       |       |       |    13 ||    13
         Potion            |       |       |       |     2 ||     2
   Stab: Sleeping          |    18 |    16 |    47 |    88 ||   169
         Distracted        |       |     1 |       |     1 ||     2
         Confused          |       |       |     2 |     7 ||     9
 Armour: Robe              |    23 |    19 |    23 |    22 ||    87
  Dodge: Dodged            |    57 |    40 |    83 |    66 ||   246
  Block: Buckler           |       |       |       |    31 ||    31

Table legend: (Time is in decaauts)
 A = Elapsed time spent in this place.
 B = Non-inter-level travel time spent in this place.
 C = Inter-level travel time spent in this place.
 D = Time resting spent in this place.
 E = Time spent auto-exploring this place.
 F = Levels seen in this place.
 G = Mean time per level.
                   A        B        C        D        E       F      G
               +--------+--------+--------+--------+--------+-----+--------+
         Total |  10465 |   9593 |    872 |   1403 |   5978 |  12 |  872.1 |
       Dungeon |   7688 |   6891 |    797 |    681 |   4644 |   9 |  854.2 |
          Lair |   2776 |   2701 |     75 |    722 |   1334 |   3 |  925.3 |
               +--------+--------+--------+--------+--------+-----+--------+

Top non-repeatable levels by time:
  Lair:2: 1216 daAuts
     D:9: 1074 daAuts
     D:8: 1060 daAuts
     D:7: 1042 daAuts
     D:4: 956 daAuts
  Lair:1: 951 daAuts
     D:1: 914 daAuts
     D:6: 816 daAuts
     D:3: 748 daAuts
     D:5: 644 daAuts
  Lair:3: 608 daAuts
     D:2: 430 daAuts
